 Dungeon Crawl Stone Soup version 0.26-a0-812-g31a745ddcd (webtiles) character file.

Game seed: 27402605886857040

2066 kae the Cleaver (level 9, -4/79 HPs)
             Began as a Hill Orc Fighter on Dec 3, 2020.
             Slain by Prince Ribbit (10 damage)
             ... on level 7 of the Dungeon.
             The game lasted 00:03:44 (7756 turns).

kae the Cleaver (Hill Orc Fighter)                  Turns: 7756, Time: 00:03:44

Health: -4/79      AC: 11    Str: 20    XL:     9   Next: 26%
Magic:  9/9        EV: 10    Int:  8    God:
Gold:   277        SH:  9    Dex: 14    Spells: 8/8 levels left

rFire    + . .     SeeInvis .   a - +1 war axe
rCold    + . .     Faith    .   c - +0 kite shield
rNeg     . . .     Spirit   .   b - +0 scale mail
rPois    .         Reflect  .   (no helmet)
rElec    .         Harm     .   i - +1 cloak
rCorr    .         Rampage  .   w - +0 pair of gloves of Perfidy {rF+ Str-2 Dex+4} (curse)
MR       .....                  (no boots)
Stlth    ..........             o - amulet of magic regeneration
HPRegen  0.23/turn              f - ring of protection from cold
MPRegen  0.36/turn              (no ring)

@: no status effects
A: no striking features
a: no special abilities


You were on level 7 of the Dungeon.
You visited 1 branch of the dungeon, and saw 7 of its levels.
You also visited: Sewer.

You collected 277 gold pieces.

Inventory:

Hand Weapons
 a - a +1 war axe (weapon)
Armour
 b - a +0 scale mail (worn)
 c - a +0 kite shield (worn)
 i - a +1 cloak (worn)
 w - the cursed +0 pair of gloves of Perfidy (worn) {rF+ Str-2 Dex+4}
   (You found it on level 6 of the Dungeon)

   It affects your strength (-2).
   It affects your dexterity (+4).
   It protects you from fire.
   It has a curse placed upon it.
Jewellery
 f - a ring of protection from cold (left hand)
 o - an amulet of magic regeneration (around neck)
Wands
 q - a wand of random effects (27)
Scrolls
 g - 3 scrolls of teleportation
 l - 4 scrolls of remove curse
 r - 2 scrolls of identify
 s - a scroll of enchant weapon
 t - a scroll of amnesia
 u - a scroll of enchant armour
Potions
 d - 3 potions of might
 e - 2 potions of attraction
 h - 4 potions of flight
 j - 4 potions of mutation
 k - 2 potions of haste
 m - a potion of degeneration
 n - a potion of magic
 p - a potion of heal wounds
 v - a potion of lignification


   Skills:
 + Level 7.3 Fighting
 * Level 10.1 Axes
 + Level 6.6 Armour
 + Level 4.2 Dodging
 - Level 3.2 Shields


You had 8 spell levels left.
You didn't know any spells.
Your spell library contained the following spells:

 Spells                   Type           Power        Failure   Level
 Confusing Touch          Hex            #.......     100%        3
 Gell's Gravitas          Tloc           #.........   100%        3
 Petrify                  Tmut/Erth      #.......     100%        4
 Metabolic Englaciation   Hex/Ice        #.........   100%        5
 Yara's Violent Unravell  Hex/Tmut       #.........   100%        5


Dungeon Overview and Level Annotations

Branches:
Dungeon (7/15)              Sewer (visited)
 Temple: D:4-7

Altars:
Ashenzari
Dithmenos
Ru
Wu Jian
Yredelemnul
The Shining One

Annotations:
D:7 Prince Ribbit


Message History

You are too injured to fight recklessly!
You are too injured to fight recklessly!
You are too injured to fight recklessly!
You are too injured to fight recklessly!
You miss Prince Ribbit.
Prince Ribbit is heavily wounded.
You block Prince Ribbit's attack.
You hit Prince Ribbit.
Prince Ribbit is heavily wounded.
Prince Ribbit blinks! x2
Prince Ribbit hits you!
You closely miss Prince Ribbit.
Prince Ribbit is heavily wounded.
Prince Ribbit hits you!
* * * LOW HITPOINT WARNING * * *
Prince Ribbit blinks!
Prince Ribbit hits you!
* * * LOW HITPOINT WARNING * * *
Prince Ribbit hits you!
You die...

##### #... .#
##########.## )#
#.........?.##.#
#.............)####
#......@..........#
#.....F...........#
#..............$...
.............#.#+##
.#########.#.#.#.#
..............#
.########.#...#.
+..<............
######.......###


You could see Prince Ribbit.

Vanquished Creatures
  Eustachio (D:4)
  Menkaure (D:5)
  An ice beast (D:5)
  A phantom (D:4)
  A sky beast (D:6)
  An orc warrior (D:6)
  4 ogres
  A centaur (D:5)
  2 bullfrogs (D:6)
  A big kobold (D:6)
  A scorpion (D:5)
  A bullfrog zombie (D:5)
  2 hounds (D:6)
  An orc wizard (D:4)
  A gnoll shaman (D:4)
  Terence (D:3)
  2 centaur skeletons (D:6)
  Natasha (twice) (D:3)
  A merfolk avatar (Sewer)
  A merfolk siren (Sewer)
  6 worker ants
  11 adders
  4 gnolls (D:4)
  3 river rats (Sewer)
  A white imp (D:6)
  An ooze (D:1)
  4 worms
  2 dart slugs
  9 leopard geckos
  6 orcs
  8 ball pythons
  14 giant cockroaches
  6 hobgoblins
  2 jackals (D:5)
  5 kobolds
  5 quokkas
  10 bats
  8 frilled lizards
  3 goblins
  48 rats
183 creatures vanquished.

Vanquished Creatures (others)
  A withered plant (D:4)
1 creature vanquished.

Grand Total: 184 creatures vanquished

Notes
Turn   | Place    | Note
-------+----------+-------------------------------------------
     0 | D:1      | kae the Hill Orc Fighter began the quest for the Orb.
     0 | D:1      | Reached XP level 1. HP: 19/19 MP: 1/1
    78 | D:1      | Reached skill level 3 in Axes
   145 | D:1      | Reached XP level 2. HP: 26/27 MP: 2/2
   504 | D:1      | Reached XP level 3. HP: 29/33 MP: 3/3
   903 | D:2      | Reached skill level 1 in Dodging
  1227 | D:2      | Reached skill level 4 in Axes
  1233 | D:2      | Reached XP level 4. HP: 39/40 MP: 4/4
  2127 | D:3      | Noticed Terence
  2139 | D:3      | Killed Terence
  2139 | D:3      | Reached XP level 5. HP: 44/47 MP: 5/5
  2283 | D:3      | Noticed Natasha
  2288 | D:3      | Killed Natasha
  2294 | D:3      | Reached skill level 5 in Axes
  2731 | D:3      | Found a shadowy altar of Dithmenos.
  2856 | D:3      | Noticed Natasha
  2867 | D:3      | Killed Natasha
  2940 | D:4      | Noticed an ogre
  3254 | D:3      | Killed an ogre
  3254 | D:3      | Reached XP level 6. HP: 52/55 MP: 6/6
  3273 | D:4      | Reached skill level 5 in Fighting
  3284 | D:4      | Found a glowing drain.
  3294 | Sewer    | Entered a sewer
  3337 | Sewer    | Reached skill level 6 in Axes
  3792 | Sewer    | Reached XP level 7. HP: 53/61 MP: 7/7
  4370 | D:4      | Reached skill level 7 in Axes
  4370 | D:4      | Reached skill level 5 in Armour
  4606 | D:4      | Found a basalt altar of Yredelemnul.
  4800 | D:5      | Entered Level 5 of the Dungeon
  4800 | D:5      | Noticed Eustachio
  4945 | D:4      | Killed Eustachio
  4945 | D:4      | Reached XP level 8. HP: 27/70 MP: 8/8
  5162 | D:5      | Reached skill level 8 in Axes
  5869 | D:5      | Noticed Menkaure
  5878 | D:5      | Killed Menkaure
  6086 | D:5      | Reached skill level 9 in Axes
  6658 | D:5      | Found a broken altar of Ashenzari.
  6737 | D:6      | Reached XP level 9. HP: 67/79 MP: 9/9
  6953 | D:6      | Found a glowing golden altar of the Shining One.
  7038 | D:6      | Found a sacrificial altar of Ru.
  7114 | D:6      | Reached skill level 10 in Axes
  7241 | D:6      | Found an ornate altar of the Wu Jian Council.
  7522 | D:6      | Got a pair of twisted gloves
  7528 | D:6      | Identified the cursed +0 pair of gloves of Perfidy {rF+
                  | Str-2 Dex+4} (You found it on level 6 of the Dungeon)
  7717 | D:7      | Noticed Prince Ribbit
  7756 | D:7      | Slain by Prince Ribbit

Illustrated notes

Levels and vault maps discovered:
D:1:      dpeg_arrival_court, layout_basic
D:2:      layout_loops_ring, minmay_rat_hole
D:3:      layout_basic, marbit_many_paths, uniq_terence, uniq_natasha
D:4:      layout_cave_pools, yredelemnul_altar_generic, portal_sewer_entry_f,
          kennysheep_pointless_box
D:5:      layout_basic, ashenzari_altar_1, uniq_eustachio, uniq_menkaure
D:6:      layout_layer_cave, overflow_temple_1_default, lemuel_round_altar,
          lemuel_crystal_altar
D:7:      layout_basic, chequers_temple_overflow_statue_of_worship,
          minmay_temple_entry_water_ring, uniq_joseph, uniq_prince_ribbit1,
          uniq_pikel

Skill      XL: |  1  2  3  4  5  6  7  8  9 |
---------------+----------------------------+-----
Axes           | 3 4 5 6 7 9 10 | 10.1
Fighting       | 4 5 6 7 |  7.3
Dodging        | 1 2 3 4 |  4.2
Armour         | 4 5 6 |  6.6
Shields        | |  3.2

Action                   |  1- 3 |  4- 6 |  7- 9 || total
-------------------------+-------+-------+-------++-------
Melee: War axe           |    94 |   279 |   252 ||   625
  Use: Scroll            |       |    11 |     4 ||    15
       Potion            |       |       |     1 ||     1
Armor: Scale mail        |    50 |   112 |   112 ||   274
Dodge: Dodged            |    26 |   105 |   103 ||   234
Block: Kite shield       |    38 |   149 |   139 ||   326

Table legend: (Time is in decaauts)
 A = Elapsed time spent in this place.
 B = Non-inter-level travel time spent in this place.
 C = Inter-level travel time spent in this place.
 D = Time resting spent in this place.
 E = Time spent auto-exploring this place.
 F = Levels seen in this place.
 G = Mean time per level.
                   A        B        C        D        E       F      G
               +--------+--------+--------+--------+--------+-----+--------+
         Total |   7978 |   7699 |    279 |   1162 |   5195 |   8 |  997.2 |
       Dungeon |   7139 |   6860 |    279 |   1162 |   4647 |   7 | 1019.9 |
         Sewer |    838 |    838 |      0 |      0 |    547 |   1 |  838.0 |
               +--------+--------+--------+--------+--------+-----+--------+

Top non-repeatable levels by time:
     D:4: 1471 daAuts
     D:5: 1424 daAuts
     D:2: 1219 daAuts
     D:3: 1209 daAuts
     D:1: 900 daAuts
     D:6: 868 daAuts
   Sewer: 838 daAuts
     D:7: 45 daAuts
